 Dungeon Crawl Stone Soup version 0.25.0-26-g0c896c7088 (webtiles) character file.

Game seed: 3707285828090694384

539 MisterFreud the Insei (level 7, -3/52 HPs)
             Began as a Demonspawn Abyssal Knight on July 5, 2020.
             Was a Believer of Lugonu.
             Slain by an ogre
             ... wielding a +0 giant spiked club
              (13 damage)
             ... on level 4 of the Dungeon.
             The game lasted 00:05:58 (4625 turns).

MisterFreud the Insei (Demonspawn Abyssal Knight)   Turns: 4625, Time: 00:05:59

Health: -3/52      AC: 17    Str: 15    XL:     7   Next: 5%
Magic:  8/8        EV:  4    Int: 15    God:    Lugonu [**....]
Gold:   142        SH:  6    Dex: 15    Spells: 6/6 levels left

rFire    . . .     SeeInvis .     - Unarmed
rCold    . . .     Gourm    .   i - +1 buckler {AC+3}
rNeg     . . .     Faith    .   l - +0 plate armour
rPois    .         Spirit   .   (no helmet)
rElec    .         Reflect  .   (no cloak)
rCorr    .         Harm     .   h - +2 pair of gloves {Str+3}
MR       .....                  (no boots)
Stlth    ..........             (no amulet)
HPRegen  0.17/turn              (no ring)
MPRegen  0.11/turn              (no ring)

@: no status effects
A: claws 1, thin skeletal structure 1, foul stench 1, rot immunity
a: Depart the Abyss, Bend Space, Renounce Religion


You were on level 4 of the Dungeon.
You worshipped Lugonu.
Lugonu was pleased with you.
You were not hungry.

You visited 1 branch of the dungeon, and saw 4 of its levels.
You visited the Abyss 1 time.

You collected 142 gold pieces.

Inventory:

Missiles
 m - 5 boomerangs (quivered)
Armour
 a - a +0 leather armour
 h - a +2 pair of gloves of strength (worn)
 i - a +1 buckler of protection (worn)
 l - a +0 plate armour (worn)
Wands
 p - a wand of iceblast (9)
Scrolls
 d - 3 scrolls of magic mapping {unknown}
 e - 5 scrolls of identify {unknown}
 j - 3 scrolls of teleportation {unknown}
 k - a scroll of enchant weapon {unknown}
Potions
 c - 2 potions of resistance
 f - 3 potions of haste
 g - a potion of curing
 n - a potion of might {unknown}
Comestibles
 b - 12 rations
 o - 8 chunks of flesh


   Skills:
 - Level 3.0 Fighting
 + Level 3.1 Armour
 - Level 0.8 Dodging
 + Level 3.3 Shields
 * Level 5.4 Unarmed Combat
 - Level 2.4 Invocations


You had 6 spell levels left.
You didn't know any spells.
Your spell library was empty.

Dungeon Overview and Level Annotations

Branches:
Dungeon (4/15)             Temple (0/1) D:4

Altars:
Fedhas
Gozag
Kikubaaqudgha
Okawaru
Qazlal
Trog
Uskayaw
Wu Jian

Annotations:
D:3 3 runed translucent doors, xccam's ghost, amateur OpAs


Innate Abilities, Weirdness & Mutations

You have sharp fingernails.
You have a somewhat thin skeletal structure. (Dex +2, Stealth)
You may emit foul miasma when damaged in melee.
You are immune to rotting.


Message History

The ogre hits you with a +0 giant spiked club!
You hit the ogre.
The ogre is severely wounded.
The ogre hits you with a +0 giant spiked club!!
* * * LOW HITPOINT WARNING * * *
You barely miss the ogre.
The ogre is severely wounded.
Your shield and plate armour prevent you from hitting the ogre.
The ogre is severely wounded.
You block the ogre's attack.
You hit the ogre but do no damage.
The ogre is severely wounded.
The ogre hits you with a +0 giant spiked club.
* * * LOW HITPOINT WARNING * * *
Your plate armour prevents you from hitting the ogre.
The ogre is severely wounded.
You hit the ogre.
The ogre is almost dead.
The ogre hits you with a +0 giant spiked club!
You die...

...# #.###......##..#..######.h.
#.## #.# ##...#.......## #.##
#.## #.# #.#.##....#########.#
#..# #.# #...##..........##..#
##รท# #.# ###....8.8.8....#..##
##.####.## ##..#...........h##
.........####...#...........o#
......)................#.o...##
.........###....@)...)_#......##
######.####..#..#O.....#.......#
#..........#...#..........##..#
#........###..##........### ....
#........# #.(#..8)8.8.## .###
#........# #..#.........# .#
#........# #..#.....##..#
#........# #.....######.#
#........# #...# #Oo#


You could see an ogre.

Vanquished Creatures
  Sigmund (D:3)
  A bullfrog (D:4)
  An orc priest (D:4)
  2 hounds (D:4)
  A centaur skeleton (D:4)
  An orc wizard (D:4)
  A worker ant (D:4)
  A hound skeleton (D:4)
  3 gnolls (D:3)
  4 adders
  2 worms
  3 dart slugs
  5 leopard geckos
  10 orcs
  4 giant cockroaches
  6 hobgoblins
  2 quokkas
  2 ball pythons
  5 bats
  4 goblins
  6 kobolds
  5 rats
70 creatures vanquished.

Vanquished Creatures (others)
  A human (D:4)
1 creature vanquished.

Grand Total: 71 creatures vanquished

Notes
Turn   | Place    | Note
-------+----------+-------------------------------------------
     0 | Abyss:1  | MisterFreud the Demonspawn Abyssal Knight began the quest
                  | for the Orb.
     0 | Abyss:1  | Reached XP level 1. HP: 18/18 MP: 2/2
    34 | Abyss:1  | Noticed a thrashing horror
    35 | D:1      | Escaped the Abyss
    73 | D:1      | Reached skill level 2 in Unarmed Combat
   222 | D:1      | Gained mutation: You have a somewhat thin skeletal
                  | structure. (Dex +2, Stealth) [demonic ancestry]
   222 | D:1      | Reached XP level 2. HP: 23/24 MP: 3/3
   722 | D:1      | Reached skill level 3 in Unarmed Combat
   796 | D:1      | Reached * piety under Lugonu
  1283 | D:1      | Gained mutation: You are immune to rotting. [demonic
                  | ancestry]
  1283 | D:1      | Reached XP level 3. HP: 29/29 MP: 4/4
  1403 | D:2      | You fall into a shaft and drop 2 floors!
  1425 | D:4      | Reached skill level 1 in Shields
  1435 | D:4      | HP: 1/29 [poisoned by a worker ant]
  1521 | D:4      | Gained mutation: You may emit foul miasma when damaged in
                  | melee. [demonic ancestry]
  1521 | D:4      | Reached XP level 4. HP: 27/35 MP: 5/5
  1950 | D:2      | Reached skill level 4 in Unarmed Combat
  2678 | D:3      | Found an opulent altar of Gozag.
  2702 | D:3      | Reached XP level 5. HP: 11/41 MP: 6/6
  3028 | D:3      | Found a blossoming altar of Fedhas.
  3028 | D:3      | Found an ancient bone altar of Kikubaaqudgha.
  3183 | D:3      | Found a runed translucent gate.
  3183 | D:3      | Found a runed translucent gate.
  3183 | D:3      | Found a runed translucent gate.
  3260 | D:3      | Noticed xccam's ghost (amateur OpAs)
  3390 | D:3      | Found an ornate altar of the Wu Jian Council.
  3395 | D:3      | Found an iron altar of Okawaru.
  3400 | D:3      | Found a bloodstained altar of Trog.
  3401 | D:3      | Found a stormy altar of Qazlal.
  3420 | D:3      | Noticed Sigmund
  3447 | D:3      | Killed Sigmund
  3447 | D:3      | Gained mutation: You have sharp fingernails. [demonic
                  | ancestry]
  3447 | D:3      | Reached XP level 6. HP: 42/47 MP: 7/7
  3547 | D:3      | Reached ** piety under Lugonu
  3910 | D:4      | Found a hide-covered altar of Uskayaw.
  3962 | D:4      | Reached skill level 5 in Unarmed Combat
  4466 | D:4      | Found an ancient bone altar of Kikubaaqudgha.
  4490 | D:4      | Reached XP level 7. HP: 51/52 MP: 8/8
  4491 | D:4      | Noticed a human
  4492 | D:4      | Killed a human
  4527 | D:4      | Found a staircase to the Ecumenical Temple.
  4625 | D:4      | Slain by an ogre

Illustrated notes

Levels and vault maps discovered:
D:1:      onia_arrival_mini_maze, layout_loops_ring, minivault_24,
          kennysheep_another_room
D:2:      layout_basic, serial_glass, glass_columns_b, glass_columns_a
D:3:      layout_rooms, grunt_temple_overflow_growth_and_decay, minitemple,
          first_ration, gammafunk_ghost_icy, roderic_lattice_a, uniq_sigmund
D:4:      layout_rooms, eat_drink_and_be_merry_uskayaw,
          minmay_temple_entry_antechambers, st_stairs_2, serial_park_tiny_2,
          ebering_dispersal_statue_hall, tgw_kikubaaqudgha

Skill      XL: |  1  2  3  4  5  6 |
---------------+-------------------+-----
Unarmed Combat | 2 3 4 5 |  5.4
Shields        | 1 2 3 |  3.3
Armour         | 2 3 |  3.1
Fighting       | |  3.0
Dodging        | |  0.8
Invocations    | |  2.4

Action                   |  1- 3 |  4- 6 |  7- 9 || total
-------------------------+-------+-------+-------++-------
Melee: Unarmed           |   111 |   274 |    26 ||   411
Invok: Depart the Abyss  |     1 |       |       ||     1
Evoke: Wand              |       |       |     1 ||     1
  Use: Potion            |     4 |       |       ||     4
 Stab: Sleeping          |     5 |     1 |       ||     6
  Eat: Chunk             |     1 |    10 |     1 ||    12
Armor: Leather armour    |    26 |    12 |       ||    38
       Plate armour      |       |   152 |    10 ||   162
Dodge: Dodged            |    53 |    61 |     2 ||   116
Block: Buckler           |     7 |    65 |     8 ||    80
